[ AOE2 MATCH · #506042365 ]
UnrankedMongols vs Sicilians
Player's team · LOSS
Rival team · WIN
[ REPLAY ANALYSIS · EXTRACTED FROM THE RECORDED GAME ]
Feudal
10:44
Castle
22:45
Imperial
—
| APM avg | 62.8 |
| APM peak | 103 |
| eAPM avg | 18.9 |
| Villagers / military | 54 / 36 |
Focus
⚔️ 33.0% · 🌾 67.0%
Archer ×12 · Knight ×11 · Steppe Lancer ×9 · Militia ×3 · Monk ×1
Feudal
9:43
Castle
23:19
Imperial
—
| APM avg | 39.1 |
| APM peak | 83 |
| eAPM avg | 17.1 |
| Villagers / military | 61 / 52 |
Focus
⚔️ 35.3% · 🌾 64.7%
Serjeant ×44 · Spearman ×6 · Mangonel ×1 · Skirmisher ×1
Match map
Initial resources + every placement click. Lines = walls · curves = elevation contours. ◆ gold · ⬟ stone · ● berries · ✦ relic · ◌ wall gap
Your base· ✓ Closed at 22:45 · 12t walls · 7 gate(s) · fragile
tseungsiupang's base· ✓ Closed at 23:19 · 0t walls · 6 gate(s)
Smoothed initial terrain · ◌ = detected wall gap · hover for details
Inputs per minute
— Soloarqueros - - tseungsiupang
Build order — Soloarqueros
First 150 of 179 actions detected
| 0:00 | Queue | Villager (Male) |
| 0:00 | Queue | Villager (Male) |
| 0:02 | Build | House |
| 0:03 | Build | House |
| 0:26 | Queue | Villager (Male) |
| 0:32 | Queue | Villager (Male) |
| 1:24 | Queue | Villager (Male) |
| 1:50 | Build | Lumber Camp |
| 1:59 | Queue | Villager (Male) |
| 2:35 | Queue | Villager (Male) |
| 2:52 | Queue | Villager (Male) |
| 3:21 | Queue | Villager (Male) |
| 3:26 | Queue | Villager (Male) |
| 4:00 | Research | Loom |
| 4:03 | Build | Mill |
| 4:21 | Build | House |
| 4:36 | Queue | Villager (Male) |
| 4:57 | Queue | Villager (Male) |
| 5:10 | Queue | Villager (Male) |
| 5:35 | Queue | Villager (Male) |
| 5:41 | Build | House |
| 6:12 | Queue | Villager (Male) |
| 6:20 | Queue | Villager (Male) |
| 6:27 | Build | Mining Camp |
| 6:34 | Queue | Villager (Male) |
| 7:11 | Queue | Villager (Male) |
| 7:20 | Queue | Villager (Male) |
| 7:45 | Build | Palisade Gate |
| 8:34 | Research | Feudal Age |
| 9:48 | Build | House |
| 10:05 | Build | Mill |
| 10:26 | Build | Barracks |
| 10:31 | Build | Palisade Wall |
| 10:31 | Queue | Villager (Male) |
| 10:33 | Build | Palisade Wall |
| 10:41 | Queue | Villager (Male) |
| 10:44 | Age | Feudal Age |
| 10:46 | Queue | Villager (Male) |
| 10:57 | Build | House |
| 11:01 | Queue | Villager (Male) |
| 11:06 | Queue | Villager (Male) |
| 11:20 | Research | Man-at-Arms (upgrade) |
| 11:22 | Build | Mining Camp |
| 11:29 | Build | House |
| 11:46 | Research | Double-Bit Axe |
| 11:56 | Queue | Villager (Male) |
| 12:01 | Build | House |
| 12:32 | Queue | Villager (Male) |
| 12:38 | Build | Archery Range |
| 12:39 | Queue | Villager (Male) |
| 12:41 | Build | House |
| 12:45 | Build | House |
| 12:47 | Build | Farm |
| 12:47 | Queue | Villager (Male) |
| 13:03 | Build | Lumber Camp |
| 13:13 | Build | Farm |
| 13:27 | Queue | Archer |
| 13:31 | Queue | Archer |
| 13:42 | Build | Gate |
| 13:46 | Build | Stone Wall |
| 14:03 | Queue | Archer |
| 14:07 | Queue | Archer |
| 14:15 | Build | Farm |
| 14:16 | Build | Farm |
| 14:28 | Queue | Villager (Male) |
| 14:32 | Build | Farm |
| 14:35 | Build | Farm |
| 14:40 | Queue | Archer |
| 14:58 | Build | Farm |
| 15:00 | Build | Farm |
| 15:08 | Queue | Villager (Male) |
| 15:16 | Build | Market |
| 15:21 | Queue | Archer |
| 15:22 | Queue | Archer |
| 15:37 | Build | Farm |
| 15:41 | Queue | Villager (Male) |
| 15:55 | Build | Watch Tower |
| 16:33 | Queue | Villager (Male) |
| 16:52 | Queue | Villager (Male) |
| 16:54 | Build | Farm |
| 16:55 | Queue | Villager (Male) |
| 17:12 | Build | House |
| 17:14 | Build | Farm |
| 17:22 | Queue | Villager (Male) |
| 17:23 | Build | Farm |
| 17:27 | Build | Farm |
| 17:38 | Queue | Villager (Male) |
| 17:42 | Build | Farm |
| 17:45 | Build | Farm |
| 17:47 | Build | Farm |
| 17:47 | Queue | Villager (Male) |
| 18:04 | Build | Blacksmith |
| 18:05 | Queue | Villager (Male) |
| 18:05 | Queue | Archer |
| 18:06 | Queue | Archer |
| 18:18 | Build | Farm |
| 18:21 | Build | Outpost |
| 18:37 | Build | Farm |
| 18:53 | Build | House |
| 19:34 | Build | Farm |
| 19:35 | Build | Farm |
| 19:48 | Research | Castle Age |
| 20:04 | Build | Mining Camp |
| 20:08 | Queue | Archer |
| 20:21 | Build | Watch Tower |
| 20:31 | Research | Horse Collar |
| 20:56 | Build | Stable |
| 21:03 | Queue | Archer |
| 21:09 | Queue | Militia |
| 21:21 | Research | Fletching |
| 21:23 | Queue | Militia |
| 21:34 | Build | House |
| 21:41 | Queue | Militia |
| 21:52 | Build | House |
| 21:54 | Queue | Villager (Male) |
| 21:56 | Build | House |
| 22:00 | Queue | Archer |
| 22:23 | Queue | Villager (Male) |
| 22:45 | Age | Castle Age |
| 22:48 | Research | Bodkin Arrow |
| 23:03 | Queue | Villager (Male) |
| 23:30 | Build | Stable |
| 23:32 | Research | Bloodlines |
| 23:35 | Queue | Villager (Male) |
| 24:12 | Queue | Steppe Lancer |
| 24:12 | Queue | Steppe Lancer |
| 24:14 | Queue | Villager (Male) |
| 24:18 | Queue | Steppe Lancer |
| 24:21 | Queue | Steppe Lancer |
| 24:22 | Queue | Steppe Lancer |
| 24:28 | Build | House |
| 24:30 | Build | House |
| 24:32 | Build | Stone Wall |
| 24:39 | Build | Gate |
| 24:39 | Queue | Villager (Male) |
| 24:41 | Build | House |
| 24:44 | Queue | Steppe Lancer |
| 24:58 | Queue | Steppe Lancer |
| 25:30 | Queue | Knight |
| 25:30 | Queue | Knight |
| 25:45 | Queue | Villager (Male) |
| 26:17 | Build | Farm |
| 26:19 | Queue | Villager (Male) |
| 26:21 | Queue | Steppe Lancer |
| 26:24 | Build | Monastery |
| 26:27 | Build | House |
| 26:32 | Build | Farm |
| 26:33 | Queue | Villager (Male) |
| 26:34 | Queue | Steppe Lancer |
| 26:41 | Build | Farm |
Build order — tseungsiupang
First 150 of 171 actions detected
| 0:01 | Queue | Villager (Male) |
| 0:01 | Queue | Villager (Male) |
| 0:01 | Queue | Villager (Male) |
| 0:03 | Build | House |
| 0:04 | Build | House |
| 0:31 | Queue | Villager (Male) |
| 1:36 | Queue | Villager (Male) |
| 1:58 | Queue | Villager (Male) |
| 2:36 | Queue | Villager (Male) |
| 2:36 | Queue | Villager (Male) |
| 2:47 | Build | Lumber Camp |
| 3:16 | Queue | Villager (Male) |
| 3:37 | Build | House |
| 3:42 | Queue | Villager (Male) |
| 4:14 | Queue | Villager (Male) |
| 4:37 | Queue | Villager (Male) |
| 5:01 | Queue | Villager (Male) |
| 5:01 | Queue | Villager (Male) |
| 5:01 | Queue | Villager (Male) |
| 5:49 | Build | Mill |
| 6:01 | Queue | Villager (Male) |
| 6:24 | Research | Loom |
| 7:33 | Research | Feudal Age |
| 8:24 | Build | Donjon |
| 8:50 | Build | House |
| 9:02 | Queue | Villager (Male) |
| 9:02 | Queue | Villager (Male) |
| 9:10 | Build | House |
| 9:24 | Build | Mining Camp |
| 9:43 | Age | Feudal Age |
| 9:44 | Queue | Villager (Male) |
| 9:51 | Queue | Serjeant |
| 9:51 | Queue | Serjeant |
| 10:37 | Research | Double-Bit Axe |
| 10:39 | Queue | Villager (Male) |
| 10:45 | Build | Mining Camp |
| 10:51 | Queue | Serjeant |
| 11:22 | Queue | Serjeant |
| 11:24 | Queue | Villager (Male) |
| 11:24 | Queue | Villager (Male) |
| 11:25 | Queue | Villager (Male) |
| 11:25 | Queue | Villager (Male) |
| 11:25 | Queue | Villager (Male) |
| 11:31 | Research | Horse Collar |
| 11:40 | Build | House |
| 12:05 | Build | Farm |
| 12:05 | Build | Farm |
| 12:06 | Build | Farm |
| 12:19 | Build | Donjon |
| 12:32 | Queue | Villager (Male) |
| 12:32 | Queue | Villager (Male) |
| 12:38 | Build | Farm |
| 12:43 | Build | Farm |
| 12:46 | Build | Farm |
| 12:55 | Queue | Serjeant |
| 12:55 | Queue | Serjeant |
| 12:59 | Build | Farm |
| 13:02 | Build | Farm |
| 13:10 | Build | House |
| 13:39 | Queue | Villager (Male) |
| 13:40 | Queue | Villager (Male) |
| 13:40 | Queue | Villager (Male) |
| 13:57 | Build | Archery Range |
| 14:19 | Build | Lumber Camp |
| 14:30 | Queue | Villager (Male) |
| 14:37 | Build | House |
| 14:57 | Build | Farm |
| 15:01 | Build | Farm |
| 15:08 | Queue | Skirmisher |
| 15:22 | Queue | Villager (Male) |
| 15:23 | Queue | Villager (Male) |
| 15:23 | Queue | Villager (Male) |
| 15:46 | Build | Donjon |
| 15:58 | Queue | Villager (Male) |
| 16:09 | Build | Farm |
| 17:09 | Queue | Villager (Male) |
| 17:10 | Queue | Villager (Male) |
| 17:10 | Queue | Villager (Male) |
| 17:10 | Queue | Villager (Male) |
| 17:11 | Queue | Villager (Male) |
| 17:18 | Build | Mill |
| 17:20 | Build | Farm |
| 17:20 | Build | Farm |
| 17:20 | Build | Farm |
| 17:20 | Build | Farm |
| 17:32 | Build | Farm |
| 17:32 | Build | Farm |
| 17:33 | Build | Farm |
| 17:33 | Build | Farm |
| 18:03 | Queue | Serjeant |
| 18:03 | Queue | Serjeant |
| 18:07 | Build | House |
| 18:34 | Build | Farm |
| 18:38 | Build | Farm |
| 18:40 | Build | Farm |
| 18:46 | Build | Farm |
| 18:50 | Build | Farm |
| 19:01 | Build | Donjon |
| 19:36 | Queue | Villager (Male) |
| 19:36 | Queue | Villager (Male) |
| 19:40 | Build | Farm |
| 19:57 | Build | Market |
| 20:23 | Build | House |
| 20:25 | Build | Farm |
| 20:39 | Research | Castle Age |
| 20:47 | Build | Mining Camp |
| 20:51 | Research | Gold Mining |
| 21:21 | Build | Blacksmith |
| 21:39 | Queue | Serjeant |
| 21:39 | Queue | Serjeant |
| 21:39 | Queue | Serjeant |
| 22:19 | Research | Forging |
| 22:25 | Build | Barracks |
| 22:26 | Queue | Villager (Male) |
| 22:26 | Queue | Villager (Male) |
| 22:37 | Queue | Spearman |
| 22:37 | Queue | Serjeant |
| 22:37 | Queue | Serjeant |
| 22:38 | Queue | Serjeant |
| 22:49 | Queue | Serjeant |
| 22:49 | Queue | Serjeant |
| 22:49 | Queue | Serjeant |
| 22:50 | Queue | Serjeant |
| 23:07 | Build | House |
| 23:16 | Build | House |
| 23:19 | Age | Castle Age |
| 23:24 | Build | House |
| 23:25 | Build | House |
| 23:27 | Research | Squires |
| 23:40 | Research | Scale Mail Armor |
| 23:40 | Research | Iron Casting |
| 23:42 | Queue | Villager (Male) |
| 23:42 | Queue | Villager (Male) |
| 23:42 | Queue | Villager (Male) |
| 23:56 | Queue | Serjeant ×4 |
| 24:14 | Build | Palisade Wall |
| 24:24 | Build | House |
| 24:43 | Queue | Serjeant ×5 |
| 24:44 | Queue | Serjeant ×5 |
| 24:44 | Queue | Serjeant |
| 25:00 | Queue | Serjeant |
| 25:05 | Build | House |
| 25:34 | Build | Donjon |
| 25:43 | Queue | Serjeant ×4 |
| 25:43 | Queue | Serjeant |
| 25:55 | Build | Donjon |
| 26:04 | Build | Mining Camp |
| 26:25 | Queue | Villager (Male) |
| 26:25 | Queue | Villager (Male) |
| 26:25 | Queue | Villager (Male) |
Match timeline
| 8:24 | tseungsiupang · first_building Donjon |
| 9:43 | tseungsiupang · age_up feudal |
| 10:26 | Soloarqueros · first_building Barracks |
| 10:31 | Soloarqueros · wall_segment Palisade Wall x7 |
| 10:33 | Soloarqueros · wall_segment Palisade Wall x1 |
| 10:44 | Soloarqueros · age_up feudal |
| 12:38 | Soloarqueros · first_building Archery Range |
| 13:46 | Soloarqueros · wall_segment Stone Wall x4 |
| 13:57 | tseungsiupang · first_building Archery Range |
| 17:16 | Soloarqueros · first_market_sell 100 stone |
| 17:19 | Soloarqueros · first_market_buy 100 food |
| 20:56 | Soloarqueros · first_building Stable |
| 22:25 | tseungsiupang · first_building Barracks |
| 22:45 | Soloarqueros · age_up castle |
| 23:19 | tseungsiupang · age_up castle |
| 24:14 | tseungsiupang · wall_segment Palisade Wall x5 |
| 24:32 | Soloarqueros · wall_segment Stone Wall x1 |
| 26:24 | Soloarqueros · first_building Monastery |
| 28:32 | tseungsiupang · first_building Siege Workshop |
| 30:48 | Soloarqueros · wall_segment Stone Wall x1 |
| 30:50 | Soloarqueros · wall_segment Stone Wall x1 |
| 31:19 | Soloarqueros · resign |
[ AI ANALYSIS · 1 CREDIT ]
What really happened in this match?
Wolo.gg analyzes every decision: build order, eco, micro, common mistakes by bracket. Personalized analysis on WhatsApp or Discord in 30 seconds.
Civ guide
Mongols
Perfil
Jugador #22611492